 Dungeon Crawl Stone Soup version 0.28.0 (webtiles) character file.

Game seed: 6335169610587823311

98 Buxparty the Poker (level 4, -8/38 HPs)
             Began as a Gnoll Wanderer on Feb 6, 2022.
             Was an Initiate of Yredelemnul.
             Mangled by an iguana (9 damage)
             ... on level 4 of the Dungeon.
             The game lasted 00:06:48 (2295 turns).

Buxparty the Poker (Gnoll Wanderer)                 Turns: 2295, Time: 00:06:48

Health: -8/38      AC:  5    Str: 13    XL:     4   Next: 69%
Magic:  5/5        EV: 11    Int: 17    God:    Yredelemnul [......]
Gold:   174        SH:  0    Dex: 12    Spells: 5/5 levels left

rFire   . . .      SeeInvis .   a - +2 spear
rCold   . . .      Faith    .   (no shield)
rNeg    . . .      Spirit   .   d - +0 leather armour
rPois   .          Reflect  .   j - +0 helmet
rElec   .          Harm     .   (no cloak)
rCorr   .          Rampage  .   (no gloves)
Will    .....                   c - +0 pair of boots
Stlth   ++........              (no amulet)
HPRegen 0.12/turn               e - +6 ring of intelligence
MPRegen 0.09/turn               (no ring)

@: no status effects
A: fangs 1, strong nose, distributed training
a: Renounce Religion, Recall Undead Harvest


You were on level 4 of the Dungeon.
You worshipped Yredelemnul.
Yredelemnul was noncommittal.
You visited 1 branch of the dungeon, and saw 4 of its levels.

You collected 174 gold pieces.

Inventory:

Hand Weapons
 a - a +2 spear (weapon)
 b - a +2 short sword of electrocution
Armour
 c - a +0 pair of boots (worn)
 d - a +0 leather armour (worn)
 f - a +0 pair of boots
 j - a +0 helmet (worn)
Jewellery
 e - a +6 ring of intelligence (left hand)
 i - an amulet of the acrobat
 k - a ring of resist corrosion
Scrolls
 l - a scroll of enchant weapon {unknown}
 m - a scroll of immolation {unknown}
 o - 2 scrolls of teleportation
 p - a scroll of holy word {unknown}
 q - a scroll of fog {unknown}
Potions
 g - a potion of heal wounds {unknown}
 h - 3 potions of lignification {unknown}
 n - a potion of invisibility {unknown}
 r - a potion of flight {unknown}
 s - a potion of ambrosia {unknown}


   Skills:
 + Level 4.7 Fighting
 + Level 1.2 Short Blades
 + Level 1.2 Long Blades
 + Level 1.2 Axes
 + Level 1.2 Maces & Flails
 + Level 6.6 Polearms
 + Level 1.2 Staves
 + Level 1.2 Slings
 + Level 1.2 Bows
 + Level 1.2 Crossbows
 + Level 1.2 Throwing
 + Level 2.8 Armour
 + Level 1.2 Dodging
 + Level 2.6 Stealth
 + Level 1.2 Shields
 + Level 2.8 Unarmed Combat
 + Level 1.2 Spellcasting
 + Level 1.0 Conjurations
 + Level 1.0 Hexes
 + Level 1.0 Summonings
 + Level 1.0 Necromancy
 + Level 1.0 Translocations
 + Level 1.0 Transmutations
 + Level 1.0 Fire Magic
 + Level 1.0 Ice Magic
 + Level 1.0 Air Magic
 + Level 1.0 Earth Magic
 + Level 1.0 Poison Magic
 + Level 1.3 Invocations
 + Level 4.7 Evocations


You had 5 spell levels left.
You didn't know any spells.
Your spell library contained the following spells:

 Spells                   Type           Power      Damage    Failure   Level
 Frozen Ramparts          Ice            8%         1d2       45%         3
 Ice Form                 Ice/Tmut       4%         N/A       86%         4
 Summon Ice Beast         Ice/Summ       4%         N/A       86%         4


Dungeon Overview and Level Annotations

Branches:
Dungeon (4/15)
 Temple: D:4-7

Altars:
Fedhas
Yredelemnul

Shops:
D:1 =


Innate Abilities, Weirdness & Mutations

You have very sharp teeth.
Your uncanny sense of smell can sniff out nearby items.
Your experience applies equally to all skills.


Message History

The iguana is moderately wounded.
You hit the iguana but do no damage.
The iguana is moderately wounded.
The iguana bites you.
You hit the iguana.
The iguana is moderately wounded.
The iguana bites you but does no damage.
You barely miss the iguana. You bite the iguana.
The iguana is heavily wounded.
The iguana bites you.
You hit the iguana.
The iguana is heavily wounded.
The iguana bites you.
You hit the iguana.
The iguana is severely wounded.
You hit the iguana but do no damage.
The iguana is severely wounded.
The iguana bites you but does no damage.
You barely miss the iguana.
The iguana is severely wounded.
The iguana bites you but does no damage.
You hit the iguana. Your bite misses the iguana.
The iguana is almost dead.
The iguana bites you!
You are too injured to fight recklessly!
You are too injured to fight recklessly!
You completely miss the iguana. Your bite misses the iguana.
The iguana is almost dead.
You closely miss the iguana. You bite the iguana, but do no damage.
The iguana is almost dead.
The iguana bites you.
You barely miss the iguana.
The iguana is almost dead.
The iguana bites you!
* * * LOW HITPOINT WARNING * * *
You closely miss the iguana. Your punch misses the iguana.
The iguana is almost dead.
The iguana bites you!
You die...
Your body rises from the dead as a mindless zombie.

.... .... ####
.... .....####
##...
#...@###...##.#
####.lZ#.......
###.........
#..#...$.
#.....$......
#.#####...... #
...... ###.# #


You could see an iguana and a water moccasin skeleton.

Vanquished Creatures
  4 adders
  A worm (D:3)
  An orc (D:3)
  5 ball pythons
  3 endoplasms (D:3)
  2 giant cockroaches
  3 goblins (D:2)
  5 hobgoblins
  6 jackals
  2 kobolds (D:2)
  2 bats (D:2)
  A frilled lizard (D:2)
  5 rats
40 creatures vanquished.

Vanquished Creatures (collateral kills)
  A dart slug (D:1)
  An endoplasm (D:3)
  A goblin (D:3)
  2 hobgoblins
  A jackal (D:3)
  A quokka (D:3)
  2 ball pythons
  A bat (D:1)
  2 kobolds (D:3)
12 creatures vanquished.

Vanquished Creatures (others)
  A giant cockroach zombie (D:3)
  A goblin zombie (D:2)
  2 jackal zombies
  A kobold zombie (D:2)
5 creatures vanquished.

Grand Total: 57 creatures vanquished

Notes
Turn   | Place    | Note
-------+----------+-------------------------------------------
     0 | D:1      | Buxparty the Gnoll Wanderer began the quest for the Orb.
     0 | D:1      | Buxparty set off with the following items: a +2 spear, a
                  | scroll of teleportation, a +0 pair of boots, a +0 leather
                  | armour
     0 | D:1      | Reached XP level 1. HP: 20/20 MP: 1/1
   148 | D:1      | Found a faded altar of an unknown god.
   162 | D:1      | Prayed at the altar of an unknown god.
   162 | D:1      | Became a worshipper of Yredelemnul the Dark
   162 | D:1      | Reached * piety under Yredelemnul
   250 | D:1      | Found Qichef's Jewellery Shoppe.
   381 | D:1      | Reached XP level 2. HP: 26/26 MP: 2/2
   748 | D:2      | Reached XP level 3. HP: 29/31 MP: 3/3
  1016 | D:2      | Reached skill level 1 in Invocations
  1694 | D:3      | Reached skill level 1 in Short Blades
  1694 | D:3      | Reached skill level 1 in Long Blades
  1694 | D:3      | Reached skill level 1 in Axes
  1694 | D:3      | Reached skill level 1 in Maces & Flails
  1694 | D:3      | Reached skill level 1 in Staves
  1694 | D:3      | Reached skill level 1 in Slings
  1694 | D:3      | Reached skill level 1 in Bows
  1694 | D:3      | Reached skill level 1 in Crossbows
  1694 | D:3      | Reached skill level 1 in Throwing
  1694 | D:3      | Reached skill level 1 in Dodging
  1694 | D:3      | Reached skill level 1 in Shields
  1694 | D:3      | Reached skill level 1 in Spellcasting
  1709 | D:3      | Reached XP level 4. HP: 38/38 MP: 5/5
  1731 | D:3      | Found a blossoming altar of Fedhas.
  1761 | D:3      | Reached ** piety under Yredelemnul
  1893 | D:3      | Reached skill level 1 in Conjurations
  1893 | D:3      | Reached skill level 1 in Hexes
  1893 | D:3      | Reached skill level 1 in Summonings
  1893 | D:3      | Reached skill level 1 in Necromancy
  1893 | D:3      | Reached skill level 1 in Translocations
  1893 | D:3      | Reached skill level 1 in Transmutations
  1893 | D:3      | Reached skill level 1 in Fire Magic
  1893 | D:3      | Reached skill level 1 in Ice Magic
  1893 | D:3      | Reached skill level 1 in Air Magic
  1893 | D:3      | Reached skill level 1 in Earth Magic
  1893 | D:3      | Reached skill level 1 in Poison Magic
  2294 | D:4      | HP: 1/38 [iguana (11)]
  2295 | D:4      | Mangled by an iguana

Illustrated notes

Levels and vault maps discovered:
D:1:      heliophobic_arrival_henge, layout_rooms,
          hellmonk_ecumenical_altar_pennies_from_heaven, serial_shops, shop,
          minmay_hexomino_u4
D:2:      layout_basic, kennysheep_decorative_pillar
D:3:      layout_rooms, general_overflow_altar, kennysheep_nub
D:4:      layout_rooms

Skill      XL: |  1  2  3  4 |
---------------+-------------+-----
Invocations    | 1 |  1.3
Short Blades   | 1 |  1.2
Long Blades    | 1 |  1.2
Axes           | 1 |  1.2
Maces & Flails | 1 |  1.2
Staves         | 1 |  1.2
Slings         | 1 |  1.2
Bows           | 1 |  1.2
Crossbows      | 1 |  1.2
Throwing       | 1 |  1.2
Dodging        | 1 |  1.2
Shields        | 1 |  1.2
Spellcasting   | 1 |  1.2
Conjurations   | 1 |  1.0
Hexes          | 1 |  1.0
Summonings     | 1 |  1.0
Necromancy     | 1 |  1.0
Translocations | 1 |  1.0
Transmutations | 1 |  1.0
Fire Magic     | 1 |  1.0
Ice Magic      | 1 |  1.0
Air Magic      | 1 |  1.0
Earth Magic    | 1 |  1.0
Poison Magic   | 1 |  1.0
Fighting       | |  4.7
Polearms       | |  6.6
Armour         | |  2.8
Stealth        | |  2.6
Unarmed Combat | |  2.8
Evocations     | |  4.7

Action                   |  1- 3 |  4- 6 || total
-------------------------+-------+-------++-------
Melee: Spear             |    85 |    42 ||   127
       Bite              |     3 |     3 ||     6
       Short sword       |     6 |    15 ||    21
       Punch             |     1 |     1 ||     2
 Stab: Sleeping          |     6 |     1 ||     7
Armor: Leather armour    |    11 |    14 ||    25
Dodge: Dodged            |    28 |    23 ||    51
